 Dungeon Crawl Stone Soup version 0.29-a0-563-g64e4043184 (webtiles) character file.

Game seed: 8907250238491481991

21 vulpzor the Slicer (level 2, -13/20 HPs)
             Began as a Gnoll Wanderer on June 11, 2022.
             Was a Follower of Vehumet.
             Mangled by a kobold
             ... wielding the +9 flail of Tuoxitisu {distort, *Noise rPois rC+ Dex+3}
              (20 damage)
             ... on level 2 of the Dungeon.
             The game lasted 00:03:00 (772 turns).

vulpzor the Slicer (Gnoll Wanderer)                  Turns: 772, Time: 00:03:01

Health: -13/20     AC: 10    Str: 10    XL:     2   Next: 87%
Magic:  5/5        EV: 11    Int: 13    God:    Vehumet [*.....]
Gold:   34         SH:  0    Dex: 10    Spells: 4/6 levels left

rFire   . . .      SeeInvis .   g - +2 short sword (protect)
rCold   . . .      Faith    .   (no shield)
rNeg    . . .      Spirit   .   d - +0 robe
rPois   .          Reflect  .   b - +0 helmet
rElec   .          Harm     .   (no cloak)
rCorr   .          Rampage  .   (no gloves)
Will    .....                   (no boots)
Stlth   ++........              (no amulet)
HPRegen 0.06/turn               (no ring)
MPRegen 0.09/turn               (no ring)

@: under a protective aura
A: fangs 1, strong nose, distributed training
a: Renounce Religion


You were on level 2 of the Dungeon.
You worshipped Vehumet.
Vehumet was aware of your devotion.
You visited 1 branch of the dungeon, and saw 2 of its levels.

You collected 34 gold pieces.

Inventory:

Hand Weapons
 a - a +2 short sword
 g - a +2 short sword of protection (weapon)
Armour
 b - a +0 helmet (worn)
 d - a +0 robe (worn)
Scrolls
 c - 3 scrolls of fog
 f - a scroll of vulnerability {unknown}
 l - a scroll of teleportation {unknown}
Potions
 e - 3 potions of degeneration {unknown}
 h - a potion of lignification {unknown}
 i - 2 potions of cancellation {unknown}
 j - a potion of curing {unknown}
 k - a potion of ambrosia {unknown}


   Skills:
 + Level 0.5 Fighting
 + Level 10.4 Short Blades
 + Level 0.5 Long Blades
 + Level 0.5 Axes
 + Level 0.5 Maces & Flails
 + Level 0.5 Polearms
 + Level 0.5 Staves
 + Level 0.5 Slings
 + Level 0.5 Bows
 + Level 0.5 Crossbows
 + Level 0.5 Throwing
 + Level 0.5 Armour
 + Level 0.5 Dodging
 + Level 4.1 Stealth
 + Level 0.5 Shields
 + Level 0.5 Unarmed Combat
 + Level 2.7 Spellcasting
 + Level 0.4 Conjurations
 + Level 0.4 Hexes
 + Level 0.4 Summonings
 + Level 2.0 Necromancy
 + Level 0.4 Translocations
 + Level 0.4 Transmutations
 + Level 0.4 Fire Magic
 + Level 0.4 Ice Magic
 + Level 0.4 Air Magic
 + Level 0.4 Earth Magic
 + Level 0.4 Poison Magic
 + Level 0.7 Invocations
 + Level 2.5 Evocations


You had 4 spell levels left.
You knew the following spells:

 Your Spells              Type           Power      Damage    Failure   Level
a - Necrotize             Necr           28%        1d5       10%         1
b - Freeze                Ice            8%         1d3       21%         1

Your spell library contained the following spells:

 Spells                   Type           Power      Damage    Failure   Level
 Vampiric Draining        Necr           7%         2d6       30%         3


Dungeon Overview and Level Annotations

Branches:
Dungeon (2/15)

Altars:
Vehumet


Innate Abilities, Weirdness & Mutations

You have very sharp teeth.
Your uncanny sense of smell can sniff out nearby items.
Your experience applies equally to all skills.


Message History

HP restored.
You now have 26 gold pieces (gained 10).
Found a stone staircase leading up.
You see here a bat corpse.
Found a scale mail.
There is a stone staircase leading up here.
You see here a +0 scale mail.
You now have 34 gold pieces (gained 8).
Found a leather armour.
No target in view!
You see here a +0 leather armour.
k - a fizzy puce potion
l - a scroll labelled SOES KOSUTUSU
Found a stone staircase leading down.
A kobold comes into view. It is wielding a +0 club.
The kobold shouts!
You hear a shout!
A kobold comes into view.
It is wielding the +9 flail of Tuoxitisu {distort, *Noise rPois rC+ Dex+3}.
Found a club.
The kobold hits you but does no damage.
You hit the kobold.
Your weapon exudes an aura of protection.
Your bite misses the kobold.
The kobold is moderately wounded.
You closely miss the kobold.
The kobold is moderately wounded.
The kobold throws a stone.
The stone barely misses you. The kobold hits you but does no damage.
You hit the kobold but do no damage.
The kobold is moderately wounded.
You hit the kobold.
You kill the kobold!
Vehumet accepts your kill.
The kobold throws a stone.
The stone closely misses you.
There is a stone staircase leading down here.
The kobold hits you with the +9 flail of Tuoxitisu {distort, *Noise rPois rC+ Dex+3}!
A hobgoblin comes into view.
You closely miss the kobold.
The kobold hits you with the +9 flail of Tuoxitisu {distort, *Noise rPois rC+ Dex+3}.
Space warps horribly around you!!
Ouch! That really hurt!
You die...

..........##.#
#######.###.## .# #
##.#.## ## #. # ##.##
#.# #..## # ### #.#
..... ############.#
#.#.# ............##
##....
###########..###.#.#.#.#
# #....#.@K.g..#
##########..##.>####.##
............##).#
##########.###..# # #.#
#..# # #.# #..# ∆ # #.#
#... # #.. .... #..
#.###


You could see a hobgoblin (wandering) and a kobold.

Vanquished Creatures
  An adder (D:2)
  A bat (D:2)
  A goblin (D:1)
  3 hobgoblins (D:1)
  A quokka (D:1)
  A ball python (D:1)
  2 frilled lizards (D:1)
  2 kobolds
12 creatures vanquished.

Notes
Turn   | Place    | Note
-------+----------+-------------------------------------------
     0 | D:1      | Reached skill level 10 in Short Blades
     0 | D:1      | vulpzor the Gnoll Wanderer began the quest for the Orb.
     0 | D:1      | vulpzor set off with the following items: a +2 short sword,
                  | a +0 helmet, a scroll of fog, a +0 robe; and the following
                  | spell memorised: Necrotize; and the following spells
                  | available to memorise: Vampiric Draining
     0 | D:1      | Reached XP level 1. HP: 13/13 MP: 4/4
   155 | D:1      | Noticed a floating eye
   157 | D:1      | Found a faded altar of an unknown god.
   159 | D:1      | Noticed an eye of devastation
   159 | D:1      | Noticed a shining eye
   159 | D:1      | Noticed a shining eye
   169 | D:1      | Prayed at the altar of an unknown god.
   169 | D:1      | Became a worshipper of Vehumet
   169 | D:1      | Reached * piety under Vehumet
   169 | D:1      | Offered knowledge of Freeze by Vehumet.
   187 | D:1      | Reached XP level 2. HP: 19/19 MP: 0/5
   190 | D:1      | Learned a level 1 spell: Freeze
   765 | D:2      | Identified the +9 flail of Tuoxitisu {distort, *Noise rPois
                  | rC+ Dex+3}
   772 | D:2      | Mangled by a kobold

Illustrated notes

Levels and vault maps discovered:
D:1:      psy_arrival_whirlpool, layout_basic,
          hellmonk_ecumenical_altar_watching_god
D:2:      layout_loops_ring

Skill      XL: |  1 |
---------------+----+-----
Short Blades   | | 10.4
Necromancy     | 2 |  2.0
Fighting       | |  0.5
Long Blades    | |  0.5
Axes           | |  0.5
Maces & Flails | |  0.5
Polearms       | |  0.5
Staves         | |  0.5
Slings         | |  0.5
Bows           | |  0.5
Crossbows      | |  0.5
Throwing       | |  0.5
Armour         | |  0.5
Dodging        | |  0.5
Stealth        | |  4.1
Shields        | |  0.5
Unarmed Combat | |  0.5
Spellcasting   | |  2.7
Conjurations   | |  0.4
Hexes          | |  0.4
Summonings     | |  0.4
Translocations | |  0.4
Transmutations | |  0.4
Fire Magic     | |  0.4
Ice Magic      | |  0.4
Air Magic      | |  0.4
Earth Magic    | |  0.4
Poison Magic   | |  0.4
Invocations    | |  0.7
Evocations     | |  2.5

Action                   || total
-------------------------++-------
Melee: Short sword       ||    27
       Bite              ||     2
 Cast: Necrotize         ||     2
 Stab: Sleeping          ||     3
Armor: Robe              ||     7
Dodge: Dodged            ||    11

Table legend: (Time is in decaauts)
 A = Elapsed time spent in this place.
 B = Non-inter-level travel time spent in this place.
 C = Inter-level travel time spent in this place.
 D = Time resting spent in this place.
 E = Time spent auto-exploring this place.
 F = Levels seen in this place.
 G = Mean time per level.
                   A        B        C        D        E       F      G
               +--------+--------+--------+--------+--------+-----+--------+
         Total |    760 |    760 |      0 |      0 |    614 |   2 |  380.0 |
       Dungeon |    760 |    760 |      0 |      0 |    614 |   2 |  380.0 |
               +--------+--------+--------+--------+--------+-----+--------+

Top non-repeatable levels by time:
     D:1: 603 daAuts
     D:2: 157 daAuts
